 Dungeon Sprint DCSS version 0.31-a0-1-g4198be8af4 (webtiles) character file.

Game seed: 16540810555046323876

25 greasedhog the Slasher (level 2, -18/28 HPs)
             Began as a Draconian Berserker on May 1, 2023.
             Was a Follower of Trog.
             Demolished by an ogre
             ... wielding a +0 giant club
              (30 damage)
             ... in the Dungeon (Sprint I: "Red Sonja").
             The game lasted 00:00:18 (13 turns).

greasedhog the Slasher (Draconian Berserker)          Turns: 13, Time: 00:00:20

Health: -18/28     AC:  4    Str: 19    XL:     2   Next: 82%
Magic:  2/2        EV: 12    Int:  7    God:    Trog [*.....]
Gold:   0          SH:  0    Dex: 10    Spells: 1/1 levels left

rFire   . . .        a - +0 falchion
rCold   . . .        (no shield)
rNeg    . . .        (body armour unavailable)
rPois   .            (helmet restricted)
rElec   .            (no cloak)
rCorr   .            (no gloves)
SInv    .            (no boots)
Will    .....        (no amulet)
Stlth   +            (no ring)
HPRegen 0.24/turn    (no ring)
MPRegen 0.08/turn

%: no teleportation
@: on berserk cooldown, slowed, very slow
A: AC +4, unfitting armour, cold-blooded
a: Renounce Religion, Berserk


You were in the Dungeon.
You worshipped Trog.
Trog was aware of your devotion.
You visited 1 branch

Inventory:

Hand Weapons
 a - a +0 falchion (weapon)
Wands
 h - a wand of flame (22)
Scrolls
 g - a scroll of blinking
Potions
 b - a potion of curing
 c - a potion of heal wounds
 d - a potion of haste
 e - 2 potions of magic
 f - a potion of berserk rage


   Skills:
 + Level 4.5 Fighting
 * Level 5.0 Long Blades
 + Level 3.7 Dodging


You had one spell level left.
You didn't know any spells.
Your spell library was empty.

Dungeon Overview and Level Annotations

Branches:
Dungeon (1/1)

Altars:


Innate Abilities, Weirdness & Mutations

Your plain brown scales are hard. (AC +4)
You cannot fit into any form of body armour.
You are cold-blooded and may be slowed by cold attacks.


Message History

The puff of flame misses you.
You slash Ijyb! You tail-slap Ijyb!
Ijyb is almost dead.
You slash Ijyb!
You kill Ijyb!
Trog accepts your kill.
Your Fighting skill increases to level 4!
Your Long Blades skill gained 2 levels and is now at level 5!
Your Dodging skill increases to level 3!
You have reached level 2!
h - a wand of flame (24)
Things that are here:
a +0 club; a +0 ring mail You feel a strong urge to attack something.
The door flies open with a bang!
An ogre comes into view. It is wielding a +0 giant club.
You are no longer berserk.
You are exhausted.
You feel yourself slow down.
The ogre shouts!
Aiming: Throw Flame
Press: ? - help, Shift-Dir - straight line, f - ogre
Aim: an ogre, wielding a +0 giant club (85% to hit)
The puff of flame hits the ogre!
The ogre is moderately wounded.
You hit the ogre. You punch the ogre.
The ogre is severely wounded.
The ogre hits you with a +0 giant club!
Ouch! That really hurt!
You barely miss the ogre.
The ogre is severely wounded.
The ogre closely misses you.
Aiming: Throw Flame
Press: ? - help, Shift-Dir - straight line, f/p - ogre
Aim: an ogre, wielding a +0 giant club (severely wounded, 85% to hit)
The puff of flame hits the ogre.
The ogre is almost dead.
The ogre hits you with a +0 giant club!!
Ouch! That really hurt!
You die...

##########
#<.#.@O..#
#..').#..+
#..#### +#
#..# #..#
#..# #⌠⌠#
####


You could see an ogre.

Vanquished Creatures
  Ijyb (D)
1 creature vanquished.

Notes
Turn   | Place    | Note
-------+----------+-------------------------------------------
     0 | D        | greasedhog the Draconian Berserker began the quest for the
                  | Orb.
     0 | D        | Reached XP level 1. HP: 19/19 MP: 1/1
     1 | D        | Noticed Ijyb
     5 | D        | Killed Ijyb
     6 | D        | Reached skill level 5 in Long Blades
     6 | D        | Reached XP level 2. HP: 28/28 MP: 2/2
     9 | D        | Noticed an ogre
    13 | D        | Demolished by an ogre

Illustrated notes

Levels and vault maps discovered:
D:        dungeon_sprint_1 [red_sonja_temple_1, red_sonja_temple_small_1]

Skill      XL: |  1 |
---------------+----+-----
Fighting       | 4 |  4.5
Long Blades    | 5 |  5.0
Dodging        | 3 |  3.7

Action                     || total
---------------------------++-------
  Melee: Falchion          ||     4
         Tailslap          ||     1
         Punch             ||     1
 Invoke: Berserk           ||     1
  Evoke: Wand              ||     2
  Dodge: Dodged            ||     2

Table legend: (Time is in decaauts)
 A = Elapsed time spent in this place.
 B = Non-inter-level travel time spent in this place.
 C = Inter-level travel time spent in this place.
 D = Time resting spent in this place.
 E = Time spent auto-exploring this place.
 F = Levels seen in this place.
 G = Mean time per level.
                   A        B        C        D        E       F      G
               +--------+--------+--------+--------+--------+-----+--------+
         Total |     12 |     12 |      0 |      0 |      0 |   1 |   12.0 |
       Dungeon |     12 |     12 |      0 |      0 |      0 |   1 |   12.0 |
               +--------+--------+--------+--------+--------+-----+--------+

Top non-repeatable levels by time:
       D: 12 daAuts
